 Dungeon Crawl Stone Soup version 0.21-a0-404-g291f19a (webtiles) character file.

13206 Tyryt0 the Cleaver (level 11, -1/86 HPs)
             Began as a Mummy Fighter on Oct 27, 2017.
             Was an Initiate of Gozag.
             Slain by a polar bear (17 damage)
             ... in an ice cave.
             The game lasted 00:57:30 (11334 turns).

Tyryt0 the Cleaver (Mummy Fighter)                 Turns: 11334, Time: 00:57:32

Health: -1/86      AC: 13    Str: 16    XL:     11   Next: 72%
Magic:  13/13      EV: 13    Int:  9    God:    Gozag
Gold:   637        SH: 11    Dex: 22    Spells: 10/10 levels left

rFire    x . .     SeeInvis +   a - +0 war axe
rCold    + + .     Gourm    .   c - +0 shield
rNeg     + + +     Faith    .   D - +4 ring mail of Zin's Delight {rC+ Str-3 Dex+4 Slay+3}
rPois    ∞         Spirit   .   (no helmet)
rElec    .         Reflect  .   j - +0 cloak
rCorr    .         Harm     .   r - +0 pair of gloves (curse)
MR       +....                  (no boots)
Stlth    +.........             n - amulet of regeneration
HPRegen  0.64/turn              B - +4 ring of dexterity
MPRegen  0.13/turn              A - ring of see invisible

@: gold aura
A: no food or potions, fire vulnerability, cold resistance 1, negative energy
resistance 3, torment resistance, unbreathing
a: Potion Petition, Call Merchant, Bribe Branch, Renounce Religion


You were in an ice cave.
You worshipped Gozag.
Gozag was pleased with you.
You were not hungry.

You visited 3 branches of the dungeon, and saw 13 of its levels.
You also visited: Ice Cave.

You collected 2085 gold pieces.
You spent 572 gold pieces at shops.
You paid 876 gold pieces to Gozag.

Inventory:

Hand Weapons
 a - a +0 war axe (weapon)
Missiles
 b - 28 tomahawks
 d - 241 stones (quivered)
 o - 189 arrows
 z - 74 bolts
 K - 5 poisoned tomahawks
 L - 3 steel tomahawks
 T - 7 javelins
Armour
 c - a +0 shield (worn)
 j - a +0 cloak (worn)
 r - a cursed +0 pair of gloves (worn)
 D - the +4 ring mail of Zin's Delight (worn) {rC+ Str-3 Dex+4 Slay+3}
   (You found it on level 6 of the Dungeon)

   It affects your strength (-3).
   It affects your dexterity (+4).
   It affects your accuracy and damage with ranged weapons and melee attacks
   (+3).
   It protects you from cold.
 J - a scarf of spirit shield
Jewellery
 l - a +2 ring of dexterity
 n - an amulet of regeneration (around neck)
 A - a ring of see invisible (right hand)
 B - a +4 ring of dexterity (left hand)
Wands
 t - a wand of polymorph (12/24)
 w - a wand of clouds (3/9)
 x - a wand of digging (21/24)
 C - a wand of random effects (38/48)
 F - a wand of flame (30/48)
 G - a wand of paralysis (9/24)
 I - a wand of lightning (5/15)
 M - a wand of iceblast (7/15)
 N - a wand of iceblast (4/15)
 P - a wand of iceblast (4/15)
 Q - a wand of iceblast (5/15)
 S - a wand of disintegration (16/24)
 V - a wand of scattershot (5/9)
Scrolls
 e - a scroll of noise {unknown}
 f - 4 scrolls of magic mapping
 g - 3 scrolls of amnesia
 h - 4 scrolls of blinking
 i - 7 scrolls of remove curse
 k - 5 scrolls of teleportation
 m - 3 scrolls of enchant weapon
 p - 2 scrolls of fog
 q - a scroll of enchant armour {unknown}
 u - a scroll of identify
 v - a scroll of random uselessness {unknown}
 y - a scroll of recharging {unknown}
 E - 2 scrolls of fear
 O - a scroll of torment
 U - a scroll of holy word {unknown}
Books
 s - a book of Maledictions

   Spells                             Type                      Level
   a - Corona                         Hexes                        1
   b - Ensorcelled Hibernation        Hexes/Ice                    2
   c - Confuse                        Hexes                        3
   d - Tukima's Dance                 Hexes                        3
   e - Dazzling Spray                 Conjuration/Hexes            3
 H - a book of Changes

   Spells                             Type                      Level
   a - Beastly Appendage              Transmutation                1
   b - Sticks to Snakes               Transmutation                2
   c - Spider Form                    Transmutation/Poison         3
   d - Ice Form                       Ice/Transmutation            4
   e - Blade Hands                    Transmutation                5
Miscellaneous
 R - a lightning rod (2/4)


   Skills:
 * Level 7.8 Fighting
 * Level 10.4 Axes
 * Level 6.5 Armour
 * Level 5.0 Dodging
 * Level 6.5 Shields
 * Level 3.6 Evocations


You had 10 spell levels left.
You didn't know any spells.

Dungeon Overview and Level Annotations

Branches:
Dungeon (11/15)            Temple (1/1) D:6             Orc (1/2) D:10
   Lair: D:8-11

Altars:
Ashenzari
Cheibriados
Dithmenos
Elyvilon
Fedhas
Gozag
Hepliaklqana
Kikubaaqudgha
Makhleb
Okawaru
Qazlal
Ru
Sif Muna
Uskayaw
Vehumet
Wu Jian
Xom
Yredelemnul
The Shining One

Shops:
D:5 *   D:7 :   D:9 *   Orc:1 (


Innate Abilities, Weirdness & Mutations

You do not eat or drink.
Your flesh is vulnerable to fire.
You are immune to poison.
Your flesh is cold resistant. (rC+)
You are immune to negative energy. (rN+++)
You are immune to unholy pain and torment.
You can survive without breathing.


Message History

The wolf is no longer distracted by gold.
The polar bear bites you!
* * * LOW HITPOINT WARNING * * *
The polar bear barely misses you. x2
The polar bear bites you but does no damage.
The polar bear claws you.
* * * LOW HITPOINT WARNING * * *
You block the polar bear's attack.
You hit the polar bear.
The polar bear is severely wounded.
You block the polar bear's attack. x3
The polar bear is distracted by the nearby gold.
The polar bear growls angrily.
You slash the polar bear!
The polar bear is almost dead.
You block the polar bear's attack. The polar bear claws you.
* * * LOW HITPOINT WARNING * * *
You block the polar bear's attack. The polar bear bites you!
You die...
Your body crumbles into a pile of gold.

# # #### ## ## #..##
##. .. ##..#####.. #
#h## ###...##...
#..h#hh##
#####...##..#..
#YYhh###.##..#######..
#####@.....#..# #.#
########### ###


You could see 5 polar bears, 2 yaks and a wolf.

Vanquished Creatures
  A two-headed ogre (D:10)
  Urug (D:10)
  A cyclops (D:10)
  The ghost of kkknotok the Changer, a novice OpTm of Ru (D:5)
  3 polar bears (IceCv)
  Prince Ribbit (D:8)
  Grinder (D:5)
  2 hippogriffs
  Sigmund (D:4)
  A wraith (D:10)
  18 yaks
  A hungry ghost (D:8)
  Menkaure (D:4)
  2 soldier ants (D:10)
  A warg (Orc:1)
  5 water moccasins
  12 orc warriors
  6 ogres
  5 sky beasts
  2 ice beasts
  A phantom (D:6)
  3 wolves (IceCv)
  3 centaurs
  A crocodile (D:9)
  8 bullfrogs
  3 scorpions
  A killer bee (D:10)
  10 wights
  3 electric eels (D:10)
  4 howler monkeys
  2 crimson imps
  2 bullfrog zombies
  2 quasits
  4 hounds
  Crazy Yiuf (D:4)
  10 orc priests
  14 orc wizards
  A bullfrog skeleton (D:6)
  3 iguanas
  6 worker ants
  Ijyb (D:4)
  2 hound zombies
  A hound skeleton (D:7)
  A howler monkey skeleton (D:7)
  A worker ant zombie (D:7)
  9 adders
  8 gnolls
  A shadow imp (D:10)
  12 white imps (Orc:1)
  An ooze (D:5)
  An adder skeleton (D:9)
  2 worms (D:10)
  4 dart slugs
  3 leopard geckos
  58 orcs
  2 giant cockroaches
  6 goblins
  5 hobgoblins
  16 jackals
  7 quokkas
  2 ball pythons
  8 bats
  3 frilled lizards
  5 kobolds
  A leopard gecko zombie (D:6)
  A quokka skeleton (D:5)
  5 rats
314 creatures vanquished.

Notes
Turn   | Place    | Note
-------+----------+-------------------------------------------
     0 | D:1      | Tyryt0 the Mummy Fighter began the quest for the Orb.
     0 | D:1      | Reached XP level 1. HP: 18/18 MP: 1/1
   207 | D:1      | Reached XP level 2. HP: 22/24 MP: 2/2
   882 | D:1      | Reached skill level 2 in Axes
  1561 | D:2      | Reached XP level 3. HP: 28/29 MP: 3/3
  2366 | D:3      | Reached skill level 1 in Dodging
  2366 | D:3      | Reached XP level 4. HP: 32/35 MP: 4/4
  2379 | D:3      | Found a snail-covered altar of Cheibriados.
  2913 | D:4      | Found a shimmering altar of Xom.
  2931 | D:4      | Reached XP level 5. HP: 36/41 MP: 5/5
  3110 | D:4      | Noticed Menkaure
  3116 | D:4      | Killed Menkaure
  3116 | D:4      | Reached skill level 3 in Axes
  3116 | D:4      | Reached XP level 6. HP: 44/48 MP: 6/6
  3181 | D:4      | Noticed Sigmund
  3211 | D:4      | Killed Sigmund
  3211 | D:4      | Reached skill level 4 in Axes
  3316 | D:4      | Found a runed door.
  3320 | D:4      | Noticed Crazy Yiuf
  3334 | D:4      | Killed Crazy Yiuf
  3769 | D:4      | Noticed Ijyb
  3792 | D:4      | Killed Ijyb
  3949 | D:5      | Entered Level 5 of the Dungeon
  3949 | D:5      | Noticed an orc warrior
  3952 | D:5      | Noticed Grinder
  3958 | D:4      | Reached XP level 7. HP: 42/54 MP: 7/7
  4012 | D:5      | Paralysed by Grinder for 2 turns
  4017 | D:5      | Noticed kkknotok's ghost (novice OpTm)
  4025 | D:5      | Paralysed by Grinder for 3 turns
  4031 | D:5      | Paralysed by Grinder for 5 turns
  4044 | D:5      | Killed kkknotok's ghost
  4047 | D:5      | Paralysed by Grinder for 5 turns
  4066 | D:5      | Killed Grinder
  4066 | D:5      | Reached skill level 5 in Axes
  4126 | D:5      | Reached XP level 8. HP: 57/61 MP: 8/8
  4526 | D:5      | Found Sopumi's Serpentskin Sales.
  4826 | D:5      | Reached skill level 5 in Fighting
  4880 | D:6      | Reached skill level 6 in Axes
  5270 | D:6      | Found a staircase to the Ecumenical Temple.
  5284 | Temple   | Entered the Ecumenical Temple
  5292 | Temple   | Became a worshipper of Gozag Ym Sagoz the Greedy
  5344 | D:6      | Reached XP level 9. HP: 68/68 MP: 9/9
  5356 | D:6      | Reached skill level 5 in Armour
  5669 | D:6      | Reached skill level 7 in Axes
  5694 | D:6      | Reached skill level 1 in Evocations
  5896 | D:6      | Reached skill level 5 in Shields
  5968 | D:6      | Got a pitted ring mail
  5979 | D:6      | Identified the +4 ring mail of Zin's Delight {rC+ Str-3 Dex+4 Slay+3} (You found it on level 6 of the Dungeon)
  6763 | D:7      | Found Rometas's Book Boutique.
  6987 | D:7      | Found a deep blue altar of Sif Muna.
  7166 | D:8      | Reached XP level 10. HP: 72/76 MP: 11/11
  7359 | D:8      | Reached skill level 8 in Axes
  7395 | D:8      | Noticed Prince Ribbit
  7779 | D:8      | Found a glowing golden altar of the Shining One.
  7915 | D:9      | Found a burning altar of Makhleb.
  8034 | D:9      | Found Unleqaox's General Store.
  8040 | D:9      | Bought a scroll of fog for 26 gold pieces
  8040 | D:9      | Bought a scroll of identify for 26 gold pieces
  8040 | D:9      | Bought a lightning rod (4/4) for 520 gold pieces
  8374 | D:8      | Killed Prince Ribbit
  8448 | D:9      | Found a sacrificial altar of Ru.
  8861 | D:9      | Reached skill level 9 in Axes
  9005 | D:10     | Entered Level 10 of the Dungeon
  9105 | D:10     | Noticed a two-headed ogre
  9238 | D:10     | Noticed Urug
  9247 | D:10     | Killed Urug
  9247 | D:10     | Reached XP level 11. HP: 15/84 MP: 13/13
  9528 | D:10     | Killed a two-headed ogre
 10476 | D:10     | Found a staircase to the Orcish Mines.
 10737 | D:10     | Reached skill level 10 in Axes
 10865 | D:11     | Noticed a seven-headed hydra
 10941 | Orc:1    | Entered Level 1 of the Orcish Mines
 11004 | Orc:1    | Found a frozen archway.
 11096 | IceCv    | Entered an ice cave
 11269 | IceCv    | Reached skill level 5 in Dodging
 11334 | IceCv    | Slain by a polar bear

Vault maps used:
D:1:      evilmike_arrival_rings
D:3:      kennysheep_slug_shrine
D:4:      kennysheep_little_box, first_bread, uniq_sigmund, uniq_ijyb,
          uniq_crazy_yiuf_cottage, uniq_menkaure
D:5:      guppyfry_shop_venom, uniq_grinder
D:6:      hangedman_cross_stitches, minmay_temple_entry_overgrown,
          grunt_ministairs_1
D:7:      led_sif_pool, serial_shops, nicolae_shop_crystal
D:8:      tso_altar, uniq_prince_ribbit1
D:9:      lemuel_crystal_altar, lemuel_coloured_pillars_altar, serial_shops,
          shop
D:10:     cheibrodos_helix_gallery, erik_orc_2, hangedman_pestilent_swarm,
          uniq_urug
D:11:     erik_lair_orcish_takeover, nicolae_trove_entry_crystal, minivault_27,
          uniq_sonja, uniq_fannar, uniq_nergalle
Temple:   nicolae_temple_x_marks_the_god
Orc:1:    portal_ice_cave_entry_imps
IceCv:    ice_cave_caverns_01

Skill      XL: |  1  2  3  4  5  6  7  8  9 10 11 |
---------------+----------------------------------+-----
Axes           | 2 3 4 5 6 7 9 10 | 10.4
Dodging        | 1 2 3 4 5 |  5.0
Armour         | 3 4 5 6 |  6.5
Shields        | 3 4 5 6 |  6.5
Fighting       | 4 5 6 7 |  7.8
Evocations     | 1 2 3 |  3.6

Action                   |  1- 3 |  4- 6 |  7- 9 | 10-12 || total
-------------------------+-------+-------+-------+-------++-------
Melee: War axe           |   147 |   117 |   473 |   672 ||  1409
Invok: Call Merchant     |       |       |       |     1 ||     1
Evoke: Lightning rod     |       |       |       |     4 ||     4
  Use: Scroll            |       |       |     7 |     2 ||     9
 Stab: Distracted        |       |       |     1 |     3 ||     4
Armor: Scale mail        |   101 |    29 |       |       ||   130
       Chain mail        |       |    26 |   229 |       ||   255
       Ring mail         |       |       |    38 |   191 ||   229
Dodge: Dodged            |    55 |    36 |   164 |   328 ||   583
Block: Shield            |    81 |    57 |   291 |   384 ||   813

Table legend:
 A = Spawn XP
 B = Non-spawn XP
 C = Spawn XP percentage of total XP
 D = Spawn monster count
 E = Non-spawn monster count
 F = Spawn count percentage of total count
 G = Total turns spent on level
                    A         B        C        D         E        F      G
               +---------+---------+-------+---------+---------+-------+---------
         Total |       0 |   18866 |   0.0 |       0 |     314 |   0.0 | 11334
               +---------+---------+-------+---------+---------+-------+---------
           D:1 |       0 |      40 |   0.0 |       0 |      25 |   0.0 |  1368
           D:2 |       0 |       7 |   0.0 |       0 |       4 |   0.0 |   550
           D:3 |       0 |     118 |   0.0 |       0 |      25 |   0.0 |   977
           D:4 |       0 |     703 |   0.0 |       0 |       9 |   0.0 |  1302
           D:5 |       0 |    1682 |   0.0 |       0 |      25 |   0.0 |   858
           D:6 |       0 |    2053 |   0.0 |       0 |      36 |   0.0 |  1106
           D:7 |       0 |     675 |   0.0 |       0 |      29 |   0.0 |  1024
           D:8 |       0 |    1646 |   0.0 |       0 |      28 |   0.0 |   842
           D:9 |       0 |    2859 |   0.0 |       0 |      30 |   0.0 |  1164
          D:10 |       0 |    5547 |   0.0 |       0 |      61 |   0.0 |  1731
         Orc:1 |       0 |    1122 |   0.0 |       0 |      30 |   0.0 |   155
         IceCv |       0 |    2414 |   0.0 |       0 |      12 |   0.0 |   238
               +---------+---------+-------+---------+---------+-------+---------
